 Dungeon Crawl Stone Soup version 0.29.0-4-gdea44cf6ec (webtiles) character file.

Game seed: 3572853800701612569

2380 qw the Cleaver (level 9, -1/52 (54) HPs)
             Began as a Tengu Warper on Aug 28, 2022.
             Was a Believer of Okawaru.
             Slain by a gargoyle
             ... wielding a +0 flail
              (15 damage)
             ... on level 7 of the Dungeon.
             The game lasted 00:00:47 (8325 turns).

qw the Cleaver (Tengu Warper)                       Turns: 8325, Time: 00:00:47

HP:   -1/52 (54)    AC: 14    Str: 17    XL:     9   Next: 45%
MP:   11/13         EV: 17    Int: 13    God:    Okawaru [**....]
Gold: 256           SH:  0    Dex: 17    Spells: 12/12 levels left

rFire   + . .      SeeInvis .   Y - +0 war axe
rCold   + . .      Faith    .   (no shield)
rNeg    . . .      Spirit   .   j - +1 scale mail "Kuomety" {Dex+4 Stlth+}
rPois   .          Reflect  .   (helmet restricted)
rElec   .          Harm     .   g - scarf {rC+ rF+}
rCorr   +          Rampage  .   h - +0 pair of gloves
Will    .....                   (boots unavailable)
Stlth   +++.......              (no amulet)
HPRegen 0.17/turn               d - +4 ring of protection
MPRegen 0.13/turn               e - ring of resist corrosion

@: heroic, marked, flying quickly and evasively, lightly drained, quick
A: beak, talons 3, nimble flight
a: Renounce Religion, Heroism


You were on level 7 of the Dungeon.
You worshipped Okawaru.
Okawaru was pleased with you.
You visited 2 branches of the dungeon, and saw 8 of its levels.

You collected 256 gold pieces.


Innate Abilities, Weirdness & Mutations

You have a beak for a mouth.
You have claws for feet.
Your magical nature lets you fly swiftly and evasively.


   Skills:
 - Level 5.1(10.1) Fighting
 + Level 10.5(15.5) Axes
 - Level 2.1(7.1) Throwing
 - Level 2.6(7.6) Armour
 - Level 4.1(9.1) Dodging
 - Level 2.0 Spellcasting
 - Level 2.4 Translocations
 - Level 4.0 Invocations


You had 12 spell levels left.
You didn't know any spells.
Your spell library contained the following spells:

 Spells                   Type           Power      Damage    Failure   Level
 Blink                    Tloc           14%        N/A       38%         2
 Gell's Gravitas          Tloc           7%         N/A       63%         3
 Lesser Beckoning         Tloc           7%         N/A       63%         3
 Teleport Other           Tloc           7%         N/A       63%         3
 Manifold Assault         Tloc           7%         N/A       100%        5

Inventory:

Hand Weapons
 k - a +0 flail
 Y - a +0 war axe (weapon)
Missiles
 a - 5 boomerangs (quivered)
Armour
 g - a scarf of resistance (worn)
 h - a +0 pair of gloves (worn)
 j - the +1 scale mail "Kuomety" (worn) {Dex+4 Stlth+}
   (You found it on level 2 of the Dungeon)

   Dex:       It affects your dexterity (+4).
   Stlth:     It makes you more stealthy.
Jewellery
 d - a +4 ring of protection (left hand)
 e - a ring of resist corrosion (right hand)
Scrolls
 i - a scroll of identify
Potions
 b - a potion of attraction {unknown}
 c - 6 potions of curing
 f - 3 potions of haste
 m - a potion of mutation {unknown}
 n - a potion of ambrosia {unknown}
 o - a potion of heal wounds {unknown}

Dungeon Overview and Level Annotations

Branches:
Dungeon (7/15)             Temple (1/1) D:4

Altars:
Ashenzari
Cheibriados
Elyvilon
Fedhas
Gozag
Hepliaklqana
Nemelex Xobeh
Okawaru
Qazlal
Ru
Sif Muna
Trog
Wu Jian
Xom
Lugonu

Shops:
D:1 ??[:


Message History

c - 6 potions of curing (gained 1)
A sourceless malevolence fills the Dungeon...
With a horrendous wail, an alarm goes off!
A sentinel's mark forms upon you.
You hear a shout! x2
Found 5 stones.
Enter note: You start waiting.
A wight comes into view. It is wielding a +3 trident.
A jelly comes into view.
A gargoyle comes into view. It is wielding a +0 flail.
8317 ||| INVOKING Heroism.
You gain the combat prowess of a mighty hero.
A wight comes into view. It is wielding a +3 falchion.
A wight comes into view.
It is wielding a +0 battleaxe and wearing a +1 robe of positive energy.
A wight comes into view.
It is wielding a +3 falchion of freezing.
A wight comes into view. It is wielding a +3 mace of freezing.
Found 14 gold pieces.
You hit the gargoyle but do no damage.
The wight hits you from afar with a +3 trident!
You feel drained. The gargoyle hits you with a +0 flail!
You hit the gargoyle but do no damage. Your peck misses the gargoyle.
The wight closely misses you.
The gargoyle hurls a stone arrow at you.
The stone arrow misses you.
You hit the gargoyle but do no damage. The wight hits you but does no damage.
The gargoyle hurls a stone arrow at you.
The stone arrow hits you!
You slash the gargoyle!
You claw the gargoyle, but do no damage.
The gargoyle is heavily damaged.
You barely miss the wight. You slash the gargoyle!
You claw the gargoyle, but do no damage.
The gargoyle is severely damaged.
You hit the wight. The wight hits you with a +3 falchion.
The wight closely misses you. The gargoyle hits you with a +0 flail!
You die...

##[....### #......#.##
... #######........##
....
...#..#.........##...$
..................z..
....................
#.#..../.#.....zz#
##.......##.J...zz#
##...###..##..#.@..#
#.....#......###.9......
#.........##.# #........
#..###....##.#####(.#.#.
#...#..........# .....#
................. ..#...
......#......#... #....
.....####....###. ....
......# #.....# ..


You could see a gargoyle, a jelly and 5 wights.

Vanquished Creatures
  A troll (D:6)
  A vampire (D:7)
  A steam dragon (D:6)
  A water moccasin (D:6)
  A centaur (D:5)
  An ogre (D:6)
  A phantom (D:5)
  2 bullfrogs (D:7)
  2 necrophages
  6 scorpions
  2 jellies
  9 hounds
  3 gnoll boudas
  5 iguanas
  An orc wizard (D:5)
  11 adders
  12 gnolls
  3 white imps
  2 ufetubi
  5 worms
  2 dart slugs (D:1)
  9 orcs
  5 bats
  5 endoplasms
  2 giant cockroaches
  8 goblins
  10 hobgoblins
  2 jackals (D:1)
  7 quokkas
  11 ball pythons
  2 frilled lizards
  12 kobolds
  8 rats
153 creatures vanquished.

Notes
Turn   | Place    | Note
-------+----------+-------------------------------------------
     0 | D:1      | qw the Tengu Warper began the quest for the Orb.
     0 | D:1      | Reached XP level 1. HP: 12/12 MP: 4/4
     0 | D:1      | 0 ||| qw: Version: 0.1-a-89-g26bdef1
     0 | D:1      | 0 ||| qw: Game counter: 345
     0 | D:1      | 0 ||| qw: Always use a shield: true
     0 | D:1      | 0 ||| qw: God list: Okawaru
     0 | D:1      | 0 ||| qw: Allow faded altars: false
     0 | D:1      | 0 ||| qw: Do Orc after D:15 true
     0 | D:1      | 0 ||| qw: Do second Lair branch before Depths: true
     0 | D:1      | 0 ||| qw: Lair rune preference: random
     0 | D:1      | 0 ||| qw: Plans: Normal
     0 | D:1      | 0 ||| PLANNING D:1-11
    33 | D:1      | 33 ||| Stepping ~*~*~tactically~*~*~ (stealth).
    43 | D:1      | Found Jirph's Armour Boutique.
    52 | D:1      | 52 ||| SHOPLISTING +0 cloak (49 gold, have 0).
    52 | D:1      | 52 ||| SHOPLISTING +0 cloak of preservation (126 gold, have
                  | 0).
    52 | D:1      | 52 ||| SHOPLISTING +3 leather armour of poison resistance
                  | (231 gold, have 0).
    75 | D:1      | Found Wuxziest's Magic Scroll Shoppe.
    80 | D:1      | 80 ||| SHOPLISTING scroll of teleportation (39 gold, have
                  | 0).
    92 | D:1      | Reached skill level 3 in Axes
    92 | D:1      | Reached XP level 2. HP: 17/17 MP: 6/6
    99 | D:1      | Found a faded altar of an unknown god.
   105 | D:1      | 105 ||| Stepping ~*~*~tactically~*~*~ (stealth).
   116 | D:1      | 116 ||| Stepping ~*~*~tactically~*~*~ (stealth).
   125 | D:1      | 125 ||| Stepping ~*~*~tactically~*~*~ (stealth).
   319 | D:1      | Found Dompifoc's Book Boutique.
   376 | D:1      | Found Filier's Magic Scroll Emporium.
   385 | D:1      | 385 ||| SHOPLISTING scroll of enchant armour (75 gold, have
                  | 8).
   385 | D:1      | 385 ||| SHOPLISTING scroll of identify (20 gold, have 8).
   619 | D:1      | Reached XP level 3. HP: 16/21 MP: 7/7
   806 | D:1      | 806 ||| Stepping ~*~*~tactically~*~*~ (stealth).
   817 | D:1      | Reached skill level 4 in Axes
  1316 | D:1      | 1316 ||| UPGRADING to +0 ring mail.
  1326 | D:1      | 1326 ||| DROPPING +0 leather armour.
  1327 | D:1      | 1327 ||| READING scroll labelled WOANNA BOSSOP.
  1328 | D:1      | 1328 ||| READING scroll labelled JAXZEDAQUA.
  1329 | D:1      | 1329 ||| READING scroll labelled JAQ RULIYJOTOC.
  1330 | D:1      | 1330 ||| DROPPING scroll of blinking.
  1384 | D:2      | Found a sparkling altar of Nemelex Xobeh.
  1546 | D:2      | Reached XP level 4. HP: 26/26 MP: 8/8
  1566 | D:2      | HP: 6/26 [quokka (1)]
  1940 | D:2      | 1940 ||| DROPPING +0 club.
  2187 | D:2      | 2187 ||| Stepping ~*~*~tactically~*~*~ (stealth).
  2265 | D:2      | Identified the +1 scale mail "Kuomety" {Dex+4 Stlth+}
  2286 | D:2      | 2286 ||| UPGRADING to +1 scale mail "Kuomety" {Dex+4
                  | Stlth+}.
  2296 | D:2      | 2296 ||| DROPPING +0 ring mail.
  2297 | D:2      | 2297 ||| READING scroll labelled NONULA PEON.
  2298 | D:2      | 2298 ||| READING scroll labelled MIORPH SO LIS.
  2299 | D:2      | 2299 ||| READING scroll labelled CUENEU NOPTA.
  2300 | D:2      | 2300 ||| DRINKING 2 dark potions.
  2301 | D:2      | 2301 ||| DRINKING 3 glowing black potions.
  2343 | D:3      | Reached skill level 5 in Axes
  2390 | D:3      | HP: 6/26 [poisoned by an adder]
  2499 | D:3      | 2499 ||| FLEEEEING.
  2500 | D:3      | 2500 ||| FLEEEEING.
  2501 | D:3      | 2501 ||| FLEEEEING.
  2507 | D:3      | 2507 ||| STAIRDANCE
  2696 | D:3      | Noticed a necrophage
  2709 | D:3      | Killed a necrophage
  2710 | D:3      | Reached skill level 6 in Axes
  2710 | D:3      | Gained mutation: Your magical nature lets you fly swiftly
                  | and evasively. [Tengu growth]
  2710 | D:3      | Reached XP level 5. HP: 14/30 MP: 9/9
  2982 | D:3      | 2982 ||| Stepping ~*~*~tactically~*~*~ (hiding).
  3084 | D:3      | 3084 ||| Stepping ~*~*~tactically~*~*~ (hiding).
  3191 | D:3      | 3191 ||| Stepping ~*~*~tactically~*~*~ (hiding).
  3199 | D:3      | 3199 ||| Stepping ~*~*~tactically~*~*~ (stealth).
  3415 | D:3      | 3415 ||| Stepping ~*~*~tactically~*~*~ (stealth).
  3418 | D:3      | 3418 ||| Stepping ~*~*~tactically~*~*~ (stealth).
  3547 | D:3      | Found a broken altar of Ashenzari.
  3695 | D:3      | 3695 ||| UPGRADING to +4 ring of protection.
  3696 | D:3      | 3696 ||| READING 2 scrolls of identify.
  3696 | D:3      | 3696 ||| IDENTIFYING murky clear potion
  3697 | D:3      | 3697 ||| DROPPING potion of lignification.
  3772 | D:4      | Found a blossoming altar of Fedhas.
  3821 | D:4      | Reached XP level 6. HP: 35/35 MP: 10/10
  3961 | D:4      | Reached skill level 7 in Axes
  4328 | D:4      | Reached skill level 3 in Fighting
  4546 | D:4      | Found a staircase to the Ecumenical Temple.
  4548 | D:4      | 4548 ||| PLANNING TEMPLE
  4548 | D:4      | 4548 ||| DROPPING ring of wizardry.
  4549 | D:4      | 4549 ||| READING scroll labelled GAIPNEONWILUP.
  4655 | Temple   | Entered the Ecumenical Temple
  4671 | Temple   | Became a worshipper of Warmaster Okawaru
  4687 | Temple   | 4687 ||| PLANNING D:1-11
  4842 | D:4      | 4842 ||| Stepping ~*~*~tactically~*~*~ (stealth).
  5061 | D:5      | Entered Level 5 of the Dungeon
  5129 | D:5      | Reached XP level 7. HP: 41/41 MP: 11/11
  5145 | D:5      | 5145 ||| FLEEEEING.
  5146 | D:5      | 5146 ||| FLEEEEING.
  5147 | D:5      | 5147 ||| FLEEEEING.
  5148 | D:5      | 5148 ||| FLEEEEING.
  5149 | D:5      | 5149 ||| FLEEEEING.
  5150 | D:5      | 5150 ||| STAIRDANCE
  5187 | D:4      | 5187 ||| UPGRADING to ring of resist corrosion.
  5194 | D:5      | 5194 ||| STAIRDANCE
  5271 | D:5      | Reached skill level 8 in Axes
  5344 | D:5      | 5344 ||| SWAPPING to +0 war axe.
  5345 | D:5      | 5345 ||| DROPPING +0 mace.
  5346 | D:5      | 5346 ||| DROPPING +0 hand axe.
  5361 | D:5      | Reached skill level 3 in Dodging
  5669 | D:5      | Reached * piety under Okawaru
  5677 | D:5      | Reached XP level 8. HP: 46/46 MP: 12/12
  5763 | D:5      | 5763 ||| INVOKING Heroism.
  5769 | D:5      | Reached skill level 9 in Axes
  5769 | D:5      | Reached skill level 1 in Invocations
  5982 | D:5      | 5982 ||| Stepping ~*~*~tactically~*~*~ (hiding).
  5992 | D:5      | 5992 ||| INVOKING Heroism.
  6242 | D:5      | 6242 ||| DROPPING amulet of guardian spirit.
  6243 | D:5      | 6243 ||| READING scroll labelled DOXTUZ VITUJUKH.
  6243 | D:5      | Identified a scroll of acquirement
  6243 | D:5      | 6243 ||| ACQUIRING scarf of resistance
  6243 | D:5      | Acquired a scarf of resistance
  6245 | D:5      | 6245 ||| UPGRADING to scarf of resistance.
  6250 | D:5      | 6250 ||| READING 2 scrolls of identify.
  6250 | D:5      | 6250 ||| IDENTIFYING fuming black potion
  6251 | D:5      | 6251 ||| DROPPING potion of degeneration.
  6283 | D:6      | 6283 ||| STAIRDANCE
  6337 | D:6      | 6337 ||| FLEEEEING.
  6338 | D:6      | 6338 ||| FLEEEEING.
  6339 | D:6      | 6339 ||| FLEEEEING.
  6340 | D:6      | 6340 ||| STAIRDANCE
  6654 | D:6      | 6654 ||| INVOKING Heroism.
  6661 | D:6      | Reached skill level 3 in Invocations
  6685 | D:6      | Noticed a troll
  6686 | D:6      | 6686 ||| INVOKING Heroism.
  6694 | D:6      | Killed a troll
  6703 | D:6      | 6703 ||| Stepping ~*~*~tactically~*~*~ (stealth).
  6721 | D:6      | 6721 ||| FLEEEEING.
  6790 | D:6      | Found a shimmering blue altar of Sif Muna.
  6832 | D:6      | 6832 ||| INVOKING Heroism.
  6837 | D:6      | Reached ** piety under Okawaru
  6843 | D:6      | Reached skill level 10 in Axes
  6843 | D:6      | Reached XP level 9. HP: 52/52 MP: 11/13
  6869 | D:6      | 6869 ||| Stepping ~*~*~tactically~*~*~ (stealth).
  6942 | D:6      | 6942 ||| INVOKING Heroism.
  7215 | D:6      | 7215 ||| INVOKING Heroism.
  7265 | D:6      | Found an opulent altar of Gozag.
  7632 | D:6      | 7632 ||| UPGRADING to +0 pair of gloves.
  7637 | D:6      | 7637 ||| DRINKING 2 fuming green potions.
  7638 | D:6      | 7638 ||| DROPPING potion of brilliance.
  7823 | D:7      | 7823 ||| DRINKING 5 potions of curing.
  7823 | D:7      | 7823 ||| (to cure confusion)
  7828 | D:7      | 7828 ||| INVOKING Heroism.
  7832 | D:7      | HP: 12/52 [vampire (8)]
  8078 | D:7      | 8078 ||| Stepping ~*~*~tactically~*~*~ (stealth).
  8079 | D:7      | 8079 ||| INVOKING Heroism.
  8316 | D:7      | Noticed a gargoyle
  8317 | D:7      | 8317 ||| INVOKING Heroism.
  8325 | D:7      | Slain by a gargoyle

Levels and vault maps discovered:
D:1:      lemuel_arrival_funnel, layout_loops_corners,
          hellmonk_ecumenical_altar_arch_garden, serial_shops, shop_fountains,
          nicolae_shop_window_shopping, nicolae_shop_trees, shop
D:2:      layout_loops_cross, basic_altar, minmay_mini_jars
D:3:      layout_basic, lemuel_crystal_altar
D:4:      layout_basic, mainiacjoe_overflow_tiny_flanked,
          minmay_temple_entry_nine_rooms
D:5:      layout_basic
D:6:      layout_cave_pods, kennysheep_mini_moat,
          nicolae_sif_muna_little_library, minmay_manual_mess
D:7:      layout_cave_pools, tgw_kikubaaqudgha, minmay_manual_monstrance
Temple:   corrupted_temple

Skill      XL: |  1  2  3  4  5  6  7  8  9 |
---------------+----------------------------+-----
Axes           | 3 4 6 7 8 10 | 10.5
Fighting       | 3 4 5 |  5.1
Dodging        | 3 4 |  4.1
Invocations    | 4 |  4.0
Armour         | 2 |  2.6
Throwing       | 2 |  2.1
Spellcasting   | |  2.0
Translocations | |  2.4

Action                   |  1- 3 |  4- 6 |  7- 9 || total
-------------------------+-------+-------+-------++-------
Melee: Hand axe          |    81 |   143 |    21 ||   245
       Kick              |    20 |    31 |    52 ||   103
       Peck              |    22 |    28 |    30 ||    80
       Punch             |     1 |       |     4 ||     5
       War axe           |       |       |   174 ||   174
Throw: Boomerang         |     7 |    27 |    38 ||    72
       Javelin           |       |       |    13 ||    13
Invok: Heroism           |       |       |    10 ||    10
  Use: Scroll            |     3 |     5 |     2 ||    10
       Potion            |       |     2 |     2 ||     4
Armor: Leather armour    |    15 |       |       ||    15
       Ring mail         |     5 |    15 |       ||    20
       Scale mail        |       |    27 |    90 ||   117
Dodge: Dodged            |    54 |    49 |   146 ||   249

Table legend:
 A = Non-vault XP
 B = Vault XP
 C = Vault XP percentage of total XP
 D = Non-vault monster count
 E = Vault monster count
 F = Vault count percentage of total count
                 A         B        C        D         E       F
            +---------+---------+-------+---------+---------+-------
      Total |    2694 |     706 |  20.8 |     135 |      18 |  11.8
            +---------+---------+-------+---------+---------+-------
        D:1 |      51 |       0 |   0.0 |      28 |       0 |   0.0
        D:2 |      35 |      27 |  43.5 |      13 |      10 |  43.5
        D:3 |     143 |       0 |   0.0 |      22 |       0 |   0.0
        D:4 |     342 |       0 |   0.0 |      16 |       0 |   0.0
        D:5 |     781 |       0 |   0.0 |      27 |       0 |   0.0
        D:6 |     936 |     357 |  27.6 |      20 |       4 |  16.7
        D:7 |     406 |     322 |  44.2 |       9 |       4 |  30.8
            +---------+---------+-------+---------+---------+-------
